BR (22 & UNDER)
PITTSBURGH KILLA BEEZ @ OTTAWA FAT CATS
09/20/2029
 
TOP OF THE 1ST
Pittsburgh Killa Beez batting - Pitching for Ottawa Fat Cats : RHP Joe Bell
Pitching: RHP Joe Bell
Batting: RHB Víctor Ochoa 0-0: Called Strike
0-1: Swinging Strike
0-2: Ball
1-2: Strikes out swinging
Batting: LHB Argaw Mwita 0-0: Called Strike
0-1: Ground out 4-3 (Groundball, 4S)
Batting: LHB Brian Lawson 0-0: DOUBLE (Line Drive, 9LD)
Batting: SHB Ricardo Silva 0-0: Called Strike
0-1: Ball
1-1: Foul Ball, location: 2F
1-2: Ball
2-2: Ball
3-2: Base on Balls
Batting: RHB Javier Pérez 0-0: Ball
1-0: Ball
2-0: Foul Ball, location: 2F
2-1: Ball
3-1: Fly out, F3 (Popup, 3F)
Top of the 1st over - 0 runs, 1 hit, 0 errors, 2 left on base; Pittsburgh 0 - Ottawa 0
BOTTOM OF THE 1ST
Ottawa Fat Cats batting - Pitching for Pittsburgh Killa Beez : LHP Felipe Franco
Pitching: LHP Felipe Franco
Batting: RHB Joseph Leach 0-0: Ball
1-0: Ball
2-0: SINGLE (Line Drive, 89M)
Batting: RHB Jesús Herrera 0-0: Ball
1-0: Ball
2-0: Ball
3-0: Base on Balls
Joseph Leach to second
Batting: RHB Daniel Quintana 0-0: Called Strike
0-1: Fly out, F8 (Flyball, 8RM)
Batting: RHB León Reynoso 0-0: Swinging Strike
0-1: Ball
1-1: Foul Ball, location: 2F
1-2: Ball
2-2: Foul Ball, location: 2F
2-2: Ball
3-2: Strikes out swinging
Batting: LHB Aaron Scott 0-0: Called Strike
0-1: Ball
1-1: Swinging Strike
1-2: Ball
Wild Pitch!
Joseph Leach to third
Jesús Herrera to second
2-2: Fly out, F8 (Flyball, 8RM)
Bottom of the 1st over - 0 runs, 1 hit, 0 errors, 2 left on base; Pittsburgh 0 - Ottawa 0
TOP OF THE 2ND
Pittsburgh Killa Beez batting - Pitching for Ottawa Fat Cats : RHP Joe Bell
Batting: RHB Tommy Smith 0-0: Ball
1-0: Called Strike
1-1: Swinging Strike
1-2: Strikes out swinging
Batting: LHB José Cantú 0-0: Foul Ball, location: 2F
0-1: Ball
1-1: Fly out, F8 (Flyball, 8RM)
Batting: SHB Manuel Cabrera 0-0: Ball
1-0: Ball
2-0: Called Strike
2-1: Fly out, F7 (Flyball, 7S)
Top of the 2nd over - 0 runs, 0 hits, 0 errors, 0 left on base; Pittsburgh 0 - Ottawa 0
BOTTOM OF THE 2ND
Ottawa Fat Cats batting - Pitching for Pittsburgh Killa Beez : LHP Felipe Franco
Batting: SHB Raúl Rivas 0-0: Ground out 4-3 (Groundball, 4)
Batting: LHB Bill Williams 0-0: Ball
1-0: Swinging Strike
1-1: Called Strike
1-2: Foul Ball, location: 2F
1-2: SINGLE (Groundball, 4MD)
Batting: LHB Geoff May 0-0: Called Strike
0-1: Grounds into double play, 6-4-3 (Groundball, 6M)
Bottom of the 2nd over - 0 runs, 1 hit, 0 errors, 0 left on base; Pittsburgh 0 - Ottawa 0
TOP OF THE 3RD
Pittsburgh Killa Beez batting - Pitching for Ottawa Fat Cats : RHP Joe Bell
Batting: RHB Gerardo Romero 0-0: Foul Ball, location: 2F
0-1: Ball
1-1: Foul Ball, location: 2F
1-2: SINGLE (Flyball, 78M)
Batting: RHB Víctor Ochoa 0-0: Called Strike
0-1: Grounds into double play, 4-6-3 (Groundball, 4)
Batting: LHB Argaw Mwita 0-0: Ball
1-0: Fly out, F7 (Flyball, 78S)
Top of the 3rd over - 0 runs, 1 hit, 0 errors, 0 left on base; Pittsburgh 0 - Ottawa 0
BOTTOM OF THE 3RD
Ottawa Fat Cats batting - Pitching for Pittsburgh Killa Beez : LHP Felipe Franco
Batting: RHB Tim Hesse 0-0: Ball
1-0: Called Strike
1-1: Swinging Strike
1-2: DOUBLE (Flyball, 7LD)
Batting: RHB Joseph Leach 0-0: Ground out 6-3 (Groundball, 6)
Batting: RHB Jesús Herrera 0-0: Ball
1-0: Ball
2-0: Called Strike
2-1: Foul Ball, location: 2F
2-2: Foul Ball, location: 2F
2-2: Strikes out swinging
Batting: RHB Daniel Quintana 0-0: Ball
1-0: 2-RUN HOME RUN (Flyball, 7D), Distance : 381 ft
Batting: RHB León Reynoso 0-0: Swinging Strike
0-1: Ball
1-1: Ball
2-1: Fly out, F8 (Flyball, 8LD)
Bottom of the 3rd over - 2 runs, 2 hits, 0 errors, 0 left on base; Pittsburgh 0 - Ottawa 2
TOP OF THE 4TH
Pittsburgh Killa Beez batting - Pitching for Ottawa Fat Cats : RHP Joe Bell
Batting: LHB Brian Lawson 0-0: SINGLE (Flyball, 89M)
Batting: SHB Ricardo Silva 0-0: Called Strike
0-1: Ball
1-1: Called Strike
1-2: Strikes out swinging
Batting: RHB Javier Pérez 0-0: Called Strike
0-1: Ball
1-1: SINGLE (Groundball, 34S) (infield hit)
Brian Lawson to second
Batting: RHB Tommy Smith 0-0: Ball
1-0: Called Strike
1-1: Foul Ball, location: 2F
1-2: Ball
2-2: Foul Ball, location: 2F
2-2: Ball
3-2: Foul Ball, location: 2F
3-2: Base on Balls
Brian Lawson to third
Javier Pérez to second
Batting: LHB José Cantú 0-0: Ball
1-0: Swinging Strike
1-1: Fly out, F7 (Flyball, 7S)
Batting: SHB Manuel Cabrera 0-0: Ball
1-0: Called Strike
1-1: SINGLE (Flyball, 89M)
Brian Lawson scores
Javier Pérez to third
Tommy Smith to second
Runner from 3rd tries for Home, SAFE, no throw
Batting: RHB Gerardo Romero 0-0: Called Strike
0-1: Ball
1-1: Fly out, F9 (Line Drive, 89D)
Top of the 4th over - 2 runs, 3 hits, 0 errors, 2 left on base; Pittsburgh 2 - Ottawa 2
BOTTOM OF THE 4TH
Ottawa Fat Cats batting - Pitching for Pittsburgh Killa Beez : LHP Felipe Franco
Batting: LHB Aaron Scott 0-0: Ball
1-0: Fly out, F9 (Flyball, 9LM)
Batting: SHB Raúl Rivas 0-0: Ball
1-0: Ball
2-0: Ball
3-0: Called Strike
3-1: Swinging Strike
3-2: Fly out, F9 (Flyball, 9S)
Batting: LHB Bill Williams 0-0: Called Strike
0-1: Ball
1-1: Called Strike
1-2: Foul Ball, location: 2F
1-2: Foul Ball, location: 2F
1-2: SINGLE (Flyball, 8LM)
Batting: LHB Geoff May 0-0: Called Strike
0-1: Fielders Choice at 2nd, 6-4 (Groundball, 6)
Bottom of the 4th over - 0 runs, 1 hit, 0 errors, 1 left on base; Pittsburgh 2 - Ottawa 2
TOP OF THE 5TH
Pittsburgh Killa Beez batting - Pitching for Ottawa Fat Cats : RHP Joe Bell
Batting: RHB Víctor Ochoa 0-0: Fly out, F4 (Line Drive, 4)
Batting: LHB Argaw Mwita 0-0: Ball
1-0: Ball
2-0: Swinging Strike
2-1: Fly out, F9 (Flyball, 9S)
Batting: LHB Brian Lawson 0-0: Foul Ball, location: 2F
0-1: Foul Ball, location: 2F
0-2: Ball
1-2: Fly out, F7 (Flyball, 7LM)
Top of the 5th over - 0 runs, 0 hits, 0 errors, 0 left on base; Pittsburgh 2 - Ottawa 2
BOTTOM OF THE 5TH
Ottawa Fat Cats batting - Pitching for Pittsburgh Killa Beez : LHP Felipe Franco
Batting: RHB Tim Hesse 0-0: Ball
1-0: Called Strike
1-1: Foul Ball, location: 2F
1-2: Strikes out swinging
Batting: RHB Joseph Leach 0-0: Fly out, F9 (Flyball, 9S)
Batting: RHB Jesús Herrera 0-0: SINGLE (Groundball, 56D)
Batting: RHB Daniel Quintana 0-0: Ball
1-0: Ground out 6-3 (Groundball, 56)
Bottom of the 5th over - 0 runs, 1 hit, 0 errors, 1 left on base; Pittsburgh 2 - Ottawa 2
TOP OF THE 6TH
Pittsburgh Killa Beez batting - Pitching for Ottawa Fat Cats : RHP Joe Bell
Batting: SHB Ricardo Silva 0-0: Ball
1-0: SINGLE (Line Drive, 4D)
Batting: RHB Javier Pérez 0-0: Called Strike
0-1: Grounds into double play, 5-4-3 (Groundball, 56)
Batting: RHB Tommy Smith 0-0: Ball
1-0: Foul Ball, location: 2F
1-1: Called Strike
1-2: Strikes out swinging
Top of the 6th over - 0 runs, 1 hit, 0 errors, 0 left on base; Pittsburgh 2 - Ottawa 2
BOTTOM OF THE 6TH
Ottawa Fat Cats batting - Pitching for Pittsburgh Killa Beez : LHP Felipe Franco
Batting: RHB León Reynoso 0-0: Ball
1-0: Ball
2-0: Called Strike
2-1: Ball
3-1: Ground out 4-3 (Groundball, 4)
Batting: LHB Aaron Scott 0-0: Ground out 6-3 (Groundball, 6M)
Batting: SHB Raúl Rivas 0-0: Ball
1-0: Ball
2-0: Called Strike
2-1: Ball
3-1: Ground out 6-3 (Groundball, 6)
Bottom of the 6th over - 0 runs, 0 hits, 0 errors, 0 left on base; Pittsburgh 2 - Ottawa 2
TOP OF THE 7TH
Pittsburgh Killa Beez batting - Pitching for Ottawa Fat Cats : RHP Joe Bell
Batting: LHB José Cantú 0-0: Called Strike
0-1: Ball
1-1: Foul Ball, location: 2F
1-2: Foul Ball, location: 2F
1-2: SINGLE (Groundball, 4MD)
Pinch Hitting: RHB Inês Kappes 0-0: Ball
1-0: Ball
2-0: Foul Ball, location: 2F
2-1: Ball
3-1: Foul Ball, location: 2F
3-2: Strikes out swinging
Batting: RHB Gerardo Romero 0-0: Called Strike
0-1: Swinging Strike
0-2: SINGLE (Groundball, 34D)
José Cantú to second
Runner from 2nd tries for 3rd, OUT!
Gerardo Romero to second
Batting: RHB Víctor Ochoa 0-0: Ground out 5-3 (Groundball, 56)
Top of the 7th over - 0 runs, 2 hits, 0 errors, 1 left on base; Pittsburgh 2 - Ottawa 2
BOTTOM OF THE 7TH
Ottawa Fat Cats batting - Pitching for Pittsburgh Killa Beez : LHP Felipe Franco
Now at 2B: Inês Kappes
Pinch Hitting: RHB Rob Burkholder 0-0: Ball
1-0: Ground out U3 (Groundball, 3L)
Batting: LHB Geoff May 0-0: Swinging Strike
0-1: Ground out 5-3 (Groundball, 56)
Pinch Hitting: RHB Dennis Kelly 0-0: Ball
1-0: Fly out, F9 (Flyball, 9)
Bottom of the 7th over - 0 runs, 0 hits, 0 errors, 0 left on base; Pittsburgh 2 - Ottawa 2
TOP OF THE 8TH
Pittsburgh Killa Beez batting - Pitching for Ottawa Fat Cats : RHP Joe Bell
Now in LF: Millard Mays
Now in RF: Dennis Kelly
Batting: LHB Argaw Mwita 0-0: Ball
1-0: SINGLE (Groundball, 34D)
Batting: LHB Brian Lawson 0-0: Ball
1-0: Swinging Strike
1-1: Ball
2-1: Foul Ball, location: 2F
2-2: Ball
3-2: Strikes out swinging
Batting: SHB Ricardo Silva 0-0: Called Strike
0-1: Swinging Strike
0-2: Ball
1-2: Foul Ball, location: 2F
1-2: Strikes out swinging
Batting: RHB Javier Pérez 0-0: Called Strike
0-1: Ball
1-1: Swinging Strike
1-2: Ball
2-2: Foul Ball, location: 2F
2-2: Fielders Choice at 2nd, 5-4 (Groundball, 56)
Top of the 8th over - 0 runs, 1 hit, 0 errors, 1 left on base; Pittsburgh 2 - Ottawa 2
BOTTOM OF THE 8TH
Ottawa Fat Cats batting - Pitching for Pittsburgh Killa Beez : LHP Felipe Franco
Pinch Hitting: RHB Robert Blanchard 0-0: Fly out, F2 (Popup, 25F)
Batting: RHB Jesús Herrera 0-0: Ball
1-0: Ball
2-0: Ball
3-0: Base on Balls
Batting: RHB Daniel Quintana 0-0: Called Strike
0-1: Ball
1-1: Ball
Jesús Herrera is caught stealing 2nd base
2-1: Foul Ball, location: 2F
2-2: Ball
3-2: Ground out 6-3 (Groundball, 6M)
Bottom of the 8th over - 0 runs, 0 hits, 0 errors, 0 left on base; Pittsburgh 2 - Ottawa 2
TOP OF THE 9TH
Pittsburgh Killa Beez batting - Pitching for Ottawa Fat Cats : RHP Joe Bell
Now at 3B: Robert Blanchard
Batting: RHB Tommy Smith 0-0: Foul Ball, location: 2F
0-1: Swinging Strike
0-2: Ball
1-2: SOLO HOME RUN (Line Drive, 9LD), Distance : 346 ft
Batting: LHB José Cantú 0-0: Ball
1-0: Swinging Strike
1-1: Called Strike
1-2: Foul Ball, location: 2F
1-2: Ball
2-2: Foul Ball, location: 2F
2-2: Ball
3-2: Ground out 3-1 (Groundball, 34)
Pitching: LHP Gustavo Sánchez
Batting: RHB Inês Kappes 0-0: DOUBLE (Line Drive, 89D)
Batting: RHB Gerardo Romero 0-0: Ball
1-0: Ball
2-0: SINGLE (Groundball, 6MD)
Inês Kappes to third
Runner from 3rd tries for Home, SAFE, no throw
Batting: RHB Víctor Ochoa 0-0: DOUBLE (Line Drive, 9LM)
Gerardo Romero to third
Batting: LHB Argaw Mwita 0-0: Swinging Strike
0-1: Ball
1-1: SINGLE (Groundball, 56D)
Gerardo Romero scores
Víctor Ochoa to third
Batting: LHB Brian Lawson 0-0: Foul Ball, location: 2F
0-1: Ball
1-1: Fly out, F8 (Flyball, 8RM)
Runner from 3rd tags up, SCORES, throw made
Pitching: RHP Roberto Silva
Batting: SHB Ricardo Silva 0-0: Called Strike
0-1: Ball
1-1: Foul Ball, location: 2F
1-2: Fly out, F5 (Popup, 56S)
Top of the 9th over - 4 runs, 5 hits, 0 errors, 1 left on base; Pittsburgh 6 - Ottawa 2
BOTTOM OF THE 9TH
Ottawa Fat Cats batting - Pitching for Pittsburgh Killa Beez : LHP Felipe Franco
Batting: RHB León Reynoso 0-0: Called Strike
0-1: Swinging Strike
0-2: Foul Ball, location: 2F
0-2: Ball
1-2: Ball
2-2: Foul Ball, location: 2F
2-2: Ball
3-2: Foul Ball, location: 2F
3-2: SOLO HOME RUN (Flyball, 78XD), Distance : 412 ft
Batting: LHB Aaron Scott 0-0: Ball
1-0: Called Strike
1-1: Ball
2-1: Ground out 5-3 (Groundball, 56S)
Batting: SHB Raúl Rivas 0-0: Called Strike
0-1: Called Strike
0-2: Foul Ball, location: 2F
0-2: Strikes out swinging
Batting: LHB Millard Mays 0-0: Foul Ball, location: 2F
0-1: Foul Ball, location: 2F
0-2: Foul Ball, location: 2F
0-2: Ball
1-2: Ball
2-2: Strikes out swinging
Bottom of the 9th over - 1 run, 1 hit, 0 errors, 0 left on base; Pittsburgh 6 - Ottawa 3
Saturday, December 16th, 2017 - OOTP Baseball 18.8 Build 76